 Dungeon Crawl Stone Soup version 0.29.1-12-g30fa7ad0bf (webtiles) character file.

Game seed: 7499560671408663419

4 hawla the Chiller (level 1, 0/14 HPs)
             Began as a Meteoran Ice Elementalist on Jan 5, 2023.
             Killed by divine providence
             ... invoked by an orc priest
              (14 damage)
             ... on level 4 of the Dungeon.
             The game lasted 00:00:51 (128 turns).

hawla the Chiller (Meteoran Ice Elementalist)        Turns: 128, Time: 00:00:52

Health: 0/14       AC:  2    Str:  9    XL:     1   Next: 85%
Magic:  5/5        EV: 12    Int: 16    God:
Gold:   37         SH:  0    Dex: 14    Spells: 4/5 levels left

rFire   . . .      SeeInvis .   (no weapon)
rCold   . . .      Faith    .   (no shield)
rNeg    . . .      Spirit   .   a - +0 robe
rPois   .          Reflect  .   (no helmet)
rElec   .          Harm     .   (no cloak)
rCorr   .          Rampage  .   (no gloves)
Will    .....                   (no boots)
Stlth   +.........              (no amulet)
HPRegen 0.04/turn               (no ring)
MPRegen 0.09/turn               (no ring)

@: glowing
A: sense surroundings 1, otherworldly, glowing, explore regen
a: no special abilities


You were on level 4 of the Dungeon.
You visited 1 branch of the dungeon, and saw 4 of its levels.

You collected 37 gold pieces.

Inventory:

Armour
 a - a +0 robe (worn)
Scrolls
 c - a scroll of noise {unknown}
 d - a scroll of summoning {unknown}
 e - a scroll of poison {unknown}
 f - a scroll of enchant armour {unknown}
 h - a scroll of fear {unknown}
Potions
 b - a potion of magic
 g - 2 potions of ambrosia {unknown}


   Skills:
 + Level 2.4 Dodging
 - Level 1.4 Stealth
 + Level 2.7 Spellcasting
 + Level 4.6 Ice Magic


You had 4 spell levels left.
You knew the following spells:

 Your Spells              Type           Power      Damage    Failure   Level
a - Freeze                Ice            64%        1d8       3%          1

Your spell library contained the following spells:

 Spells                   Type           Power      Damage    Failure   Level
 Frozen Ramparts          Ice            32%        1d5       9%          3
 Ozocubu's Armour         Ice            16%        N/A       9%          3
 Hailstorm                Conj/Ice       9%         3d4       58%         4


Dungeon Overview and Level Annotations

Branches:
Dungeon (4/15) Zot: 2271
 Temple: D:4-7

Altars:


Innate Abilities, Weirdness & Mutations

You passively map a small area around you.
You are easily found by Zot.
You glow in the dark.
You regain HP and MP as you explore.


Message History

An endoplasm comes into view.
An endoplasm is nearby!
The endoplasm quivers.
Found a short sword.
Casting: Freeze (safe; 3% risk of failure)
Confirm with . or Enter, or press ? or * to list all spells.
Aiming: Freeze (safe; 3% risk of failure)
Press: ? - help, Shift-Dir - straight line, f - endoplasm
Aim: an endoplasm You freeze the endoplasm!
You kill the endoplasm!
You now have 29 gold pieces (gained 8).
Found a stone staircase leading down.
Found 5 gold pieces.
There is a stone staircase leading down here.
Found a scroll labelled KOBAZE WOCLOGAACH.
Found 2 amethyst potions.
You now have 34 gold pieces (gained 5).
f - a scroll labelled KOBAZE WOCLOGAACH
g - 2 amethyst potions
There is a stone staircase leading down here.
You climb downwards.
Found a scroll labelled SUOMOZ AFEODGH and 3 gold pieces.
There is a stone staircase leading up here.
h - a scroll labelled SUOMOZ AFEODGH
Found a flail.
Found a chain mail.
You now have 37 gold pieces (gained 3).
A quokka comes into view.
An orc priest and an orc come into view.
The orc priest is wielding a +1 vorpal mace.
The orc priest shouts!
The orc shouts!
An orc comes into view. It is wielding a +0 mace.
You see here a +0 flail.
The orc shouts!
An orc comes into view. It is wielding a +0 mace.
The orc priest invokes the aid of Beogh against you.
Beogh smites you!
Ouch! That really hurt!
You die...

, , ..,#. .####* *
, ...#. #....,. *
..##.#.###..#. ..,
........#....#o , ,
............o. ,
....$.......# *
#.....r....o.##...
*
#.........@.......,
,,
.......#.##.##.#.*
*
*#.....#).##.##.#.
#.............. *
##......[.###.*
##.......##,, **
##........# *
#...#.##....# * ,*
#.#...##.####


You could see an orc priest, 2 orcs and a quokka.

Vanquished Creatures
  An endoplasm (D:3)
  A giant cockroach (D:3)
  A kobold (D:1)
  A rat (D:1)
4 creatures vanquished.

Notes
Turn   | Place    | Note
-------+----------+-------------------------------------------
     0 | D:1      | hawla the Meteoran Ice Elementalist began the quest for the
                  | Orb.
     0 | D:1      | Reached XP level 1. HP: 14/14 MP: 5/5
   126 | D:4      | Noticed an orc priest
   128 | D:4      | Killed from afar by an orc priest

Illustrated notes

Levels and vault maps discovered:
D:1:      dpeg_arrival_orchard, layout_basic, minivault_19, minmay_tetromino_s4
D:2:      layout_rooms
D:3:      cheibrodos_pilgrimage, layout_loops_cross
D:4:      layout_loops_cross, minmay_misc_feat_square,
          hangedman_abyss_or_decor_lesser_grid

Action                   || total
-------------------------++-------
 Cast: Freeze            ||     6
Armor: Robe              ||     1
Dodge: Dodged            ||     1
